 Dungeon Crawl Stone Soup version 0.16.0-18-g484a79e (webtiles) character file.

24 Zugr the Changer (level 3, -1/31 HPs)
             Began as a Naga Transmuter on Mar 23, 2015.
             Slain by a giant cockroach (2 damage)
             ... on level 1 of the Dungeon.
             The game lasted 00:02:44 (255 turns).

Zugr the Changer (Naga Transmuter)                   Turns: 255, Time: 00:02:44

Health: -1/31      AC:  2    Str: 12    XL:     3   Next: 2%
Magic:  4/6        EV: 10    Int: 14    God:
Gold:   20         SH:  0    Dex: 11    Spells: 2 memorised, 3 levels left

rFire  . . .     SeeInvis +       - Unarmed
rCold  . . .     Clarity  .     c - +0 robe
rNeg   . . .     SustAb   .     (no shield)
rPois  +         Gourm    .     (helmet restricted)
rElec  .         Spirit   .     (no cloak)
rCorr  .         Warding  .     (no gloves)
rMut   .         Stasis   .     (no barding)
MR     .....                    (no amulet)
Stlth  +.........               (no ring)
                                (no ring)

@: appendage (expiring), very slow, not resistant to hostile enchantments, very
unstealthy
A: spit poison, horns 2, see invisible, deformed body, poison resistance,
slowness 2, AC +1
a: Spit Poison, End Transformation


You were on level 1 of the Dungeon.
You were not hungry.
You had grown temporary horns.
You visited 1 branch of the dungeon, and saw 1 of its levels.

You collected 20 gold pieces.

Inventory:

Missiles
 b - 12 arrows
Armour
 c - a +0 robe (worn)
Books
 d - a book of Changes

   Spells                             Type                      Level
   a - Beastly Appendage              Transmutation                1
   b - Sticks to Snakes               Transmutation                2
   c - Spider Form                    Transmutation/Poison         3
   d - Ice Form                       Ice/Transmutation            4
   e - Blade Hands                    Transmutation                5
Comestibles
 a - a bread ration
 f - a chunk of flesh


   Skills:
 - Level 1.0 Fighting
 - Level 1.5 Dodging
 - Level 3.1 Unarmed Combat
 - Level 2.0 Spellcasting
 + Level 3.2 Transmutations


You had 3 spell levels left.
You knew the following spells:

 Your Spells              Type           Power        Failure   Level  Hunger
a - Beastly Appendage     Trmt           ##....       10%         1    ##.....
b - Sticks to Snakes      Trmt           ##........   12%         2    ###....


Dungeon Overview and Level Annotations

Branches:
Dungeon (1/15)

Altars:


Innate Abilities, Weirdness & Mutations

You cannot wear boots.
You can spit poison.
Your serpentine skin is tough (AC +1).
You have supernaturally acute eyesight.
Armour fits poorly on your strangely shaped body.
Your system is resistant to poisons.
You cover ground very slowly.
You have a pair of horns on your head.


Message History

The gnoll is almost dead.
The bat barely misses you.
The giant cockroach bites you but does no damage.
The gnoll hits you!
* * * LOW HITPOINT WARNING * * *
You hit the gnoll.
You kill the gnoll!
Your Transmutations skill increases to level 3!
You have reached level 3!
Your experience leads to an increase in your attributes!
Increase (S)trength, (I)ntelligence, or (D)exterity?
You feel clever.
Your skin feels tougher.
Your transformation is almost over.
The bat hits you.
* * * LOW HITPOINT WARNING * * *
The giant cockroach misses you.
The giant cockroach bites you but does no damage.
You barely miss the giant cockroach. The bat closely misses you.
The giant cockroach bites you.
You die...

..#..........#
##...
.....#####......#
#....
......#####..#####
#....
..............#
#....
.......)........
#....
#..............
#....
###..............
#....
.........s.....#
##########
.........b@....#
#......$..
...............#
#.....§§§≈
.............?#
#.....≈...
....?..########
#.....≈.## .......
#...$.≈.## ......
#.....≈.## .....
#.....≈§.# ....
#.....≈..# .
#.....§..#


You could see a giant cockroach and a bat.

Vanquished Creatures
  A gnoll (D:1)
  2 oozes (D:1)
  2 hobgoblins (D:1)
  2 kobolds (D:1)
  4 goblins (D:1)
  2 rats (D:1)
13 creatures vanquished.

Notes
Turn   | Place    | Note
--------------------------------------------------------------
     0 | D:1      | Zugr, the Naga Transmuter, began the quest for the Orb.
     0 | D:1      | Reached XP level 1. HP: 18/18 MP: 3/3
   102 | D:1      | Reached XP level 2. HP: 23/25 MP: 2/4
   242 | D:1      | Learned a level 2 spell: Sticks to Snakes
   254 | D:1      | Reached XP level 3. HP: 2/31 MP: 4/6
   254 | D:1      | HP: 1/31 [bat (1)]
   255 | D:1      | Slain by a giant cockroach

Action                   || total
-------------------------++-------
Melee: Unarmed           ||    43
 Cast: Beastly Appendage ||     9
